 Dungeon Crawl Stone Soup version 0.21.1-1-g345015f (webtiles) character file.

353 Kiryusha the Magician (level 6, -1/32 HPs)
             Began as a Deep Elf Ice Elementalist on Mar 10, 2018.
             Slain by a hound (6 damage)
             ... on level 6 of the Dungeon.
             The game lasted 00:12:46 (3411 turns).

Kiryusha the Magician (Deep Elf Ice Elementalist)   Turns: 3411, Time: 00:12:46

Health: -1/32      AC:  2    Str:  5    XL:     6   Next: 35%
Magic:  19/27      EV: 13    Int: 22    God:
Gold:   167        SH:  0    Dex: 15    Spells: 6/20 levels left

rFire    . . .     SeeInvis .   g - +0 short sword
rCold    . . .     Gourm    .   (no shield)
rNeg     . . .     Faith    .   a - +0 robe
rPois    .         Spirit   .   (no helmet)
rElec    .         Reflect  .   (no cloak)
rCorr    .         Harm     .   (no gloves)
MR       .....                  (no boots)
Stlth    ++........             (no amulet)
HPRegen  0.10/turn              d - ring of magical power
MPRegen  0.20/turn              (no ring)

@: very slightly contaminated
A: no striking features
a: no special abilities


You were on level 6 of the Dungeon.
You were not hungry.

You visited 1 branch of the dungeon, and saw 4 of its levels.

You collected 167 gold pieces.

Inventory:

Hand Weapons
 g - a +0 short sword (weapon)
Armour
 a - a +0 robe (worn)
 y - a +0 helmet
Jewellery
 d - a ring of magical power (left hand)
Wands
 v - a wand of digging (12)
Scrolls
 e - 4 scrolls of identify {unknown}
 m - 4 scrolls of remove curse {unknown}
 n - a scroll of teleportation {unknown}
 o - a scroll of blinking {unknown}
 p - a scroll of noise {unknown}
 r - a scroll of amnesia
 t - a scroll of immolation {unknown}
 w - a scroll of enchant weapon {unknown}
Potions
 f - a potion of degeneration {unknown}
 h - 2 potions of brilliance {unknown}
 i - a potion of flight {unknown}
 j - a potion of curing {unknown}
 k - 2 potions of haste {unknown}
 l - a potion of mutation {unknown}
 q - 2 potions of magic {unknown}
 s - 3 potions of heal wounds {unknown}
 u - a potion of invisibility {unknown}
Books
 b - a book of Frost

   Spells                             Type                      Level
   a - Freeze                         Ice                          1
   b - Throw Frost                    Conjuration/Ice              2
   c - Ozocubu's Armour               Charms/Ice                   3
   d - Throw Icicle                   Conjuration/Ice              4
   e - Summon Ice Beast               Ice/Summoning                4
Comestibles
 c - 5 rations
 x - 11 chunks of flesh


   Skills:
 - Level 2.4 Dodging
 - Level 2.4 Stealth
 + Level 7.5 Spellcasting
 + Level 4.2 Conjurations
 - Level 3.2 Ice Magic


You had 6 spell levels left.
You knew the following spells:

 Your Spells              Type           Power        Failure   Level  Hunger
a - Freeze                Ice            ###.         1%          1    None
b - Throw Frost           Conj/Ice       ###...       2%          2    None
c - Ozocubu's Armour      Chrm/Ice       ###.....     12%         3    None
d - Throw Icicle          Conj/Ice       ###.....     16%         4    ###....
e - Summon Ice Beast      Ice/Summ       ###.....     36%         4    ###....


Dungeon Overview and Level Annotations

Branches:
Dungeon (3/15)

Altars:
Cheibriados
Qazlal
Xom


Message History

Aim: a hound (moderately wounded)
You freeze the hound.
The hound is severely wounded.
Your ice beast misses the orc warrior.
The hound closely misses you. The hound bites you.
* * * LOW HITPOINT WARNING * * *
Your ice beast hits the orc warrior but does no damage.
The orc warrior completely misses your ice beast.
The hound bites you.
* * * LOW HITPOINT WARNING * * *
As you read the scroll labeled GOUTIEKLAROV, it crumbles to dust.
It is a scroll of amnesia.
Okay, then.
Your ice beast barely misses the orc warrior.
The hound closely misses you. The orc warrior misses your ice beast.
The hound closely misses you.
Your ice beast closely misses the orc warrior.
The orc barely misses your ice beast. The orc hits your ice beast.
The hound bites you.
You die...

...h... #.........## #5#
##... #..>....... ...
.[.. #.[.......# #.#
#... #.........#
#.####o.. #.......†.#
#........
##.........#####........
........h.Yo............
#...@..ooo...........
##############.......
#....... #.).....
#.^..... #.......
########


You could see an orc warrior, a hound, 3 orcs and a friendly ice beast.

Vanquished Creatures
  The ghost of
  1994 the Skirmisher, an amateur OgMo (D:3)
  A hound (D:2)
  An orc priest (D:3)
  5 adders (D:2)
  2 worms
  2 dart slugs
  4 leopard geckos
  2 orcs (D:3)
  3 ball pythons (D:1)
  12 bats
  3 giant cockroaches
  8 hobgoblins
  2 quokkas (D:2)
  2 frilled lizards
  5 kobolds
  5 rats
58 creatures vanquished.

Vanquished Creatures (collateral kills)
  A scorpion (D:6)
  A bullfrog zombie (D:6)
  An adder (D:3)
  An adder skeleton (D:6)
  An orc (D:6)
  A giant cockroach (D:6)
  A leopard gecko zombie (D:6)
7 creatures vanquished.

Grand Total: 65 creatures vanquished

Notes
Turn   | Place    | Note
-------+----------+-------------------------------------------
     0 | D:1      | Kiryusha the Deep Elf Ice Elementalist began the quest for the Orb.
     0 | D:1      | Reached XP level 1. HP: 10/10 MP: 6/6
   385 | D:1      | Reached skill level 4 in Spellcasting
   385 | D:1      | Reached XP level 2. HP: 15/15 MP: 6/9
   923 | D:1      | Reached XP level 3. HP: 17/19 MP: 8/11
  1041 | D:1      | Learned a level 2 spell: Throw Frost
  1045 | D:1      | Learned a level 3 spell: Ozocubu's Armour
  1081 | D:2      | Reached skill level 5 in Spellcasting
  1340 | D:2      | Found a shimmering altar of Xom.
  1534 | D:2      | Reached XP level 4. HP: 22/24 MP: 13/13
  1544 | D:2      | Learned a level 4 spell: Throw Icicle
  1549 | D:2      | Learned a level 4 spell: Summon Ice Beast
  2002 | D:2      | Found a stormy altar of Qazlal.
  2033 | D:2      | Reached skill level 6 in Spellcasting
  2371 | D:3      | Found a snail-covered altar of Cheibriados.
  2821 | D:3      | Noticed 1994's ghost (amateur OgMo)
  2883 | D:3      | Reached XP level 5. HP: 28/28 MP: 15/15
  2902 | D:3      | Killed 1994's ghost
  2902 | D:3      | Reached skill level 7 in Spellcasting
  2902 | D:3      | Reached XP level 6. HP: 13/32 MP: 8/18
  3317 | D:3      | You fall through a shaft for 3 floors!
  3397 | D:6      | Noticed an orc warrior
  3411 | D:6      | Slain by a hound

Skill      XL: |  1  2  3  4  5  6 |
---------------+-------------------+-----
Spellcasting   | 4 5 6 7 |  7.5
Conjurations   | 2 3 4 |  4.2
Dodging        | |  2.4
Stealth        | |  2.4
Ice Magic      | |  3.2

Action                   |  1- 3 |  4- 6 || total
-------------------------+-------+-------++-------
Melee: Short sword       |       |    10 ||    10
 Cast: Freeze            |    59 |    35 ||    94
       Throw Frost       |     3 |    21 ||    24
       Summon Ice Beast  |       |     5 ||     5
       Ozocubu's Armour  |       |     3 ||     3
  Use: Scroll            |       |     1 ||     1
  Eat: Chunk             |     2 |     3 ||     5
       Ration            |       |     1 ||     1
Armor: Robe              |    13 |     2 ||    15
Dodge: Dodged            |    18 |    36 ||    54
